 Dungeon Crawl Stone Soup version 0.17-a0-1923-gc35365e (webtiles) character file.

224 mcbry74 the Covert (level 6, -1/36 HPs)
             Began as a Kobold Assassin on Sept 28, 2015.
             Was an Initiate of Cheibriados.
             Slain by an orc
             ... wielding a +0 hand axe
              (2 damage)
             ... on level 4 of the Dungeon.
             The game lasted 00:25:47 (3211 turns).

mcbry74 the Covert (Kobold Assassin)                Turns: 3211, Time: 00:25:47

Health: -1/36      AC:  4    Str: 10    XL:     6   Next: 20%
Magic:  4/6        EV: 15    Int: 10    God:    Cheibriados [......]
Gold:   180        SH:  0    Dex: 21    Spells: 0 memorised, 5 levels left

rFire  . . .     SeeInvis .     a - +2 dagger
rCold  . . .     Clarity  .     c - +0 robe
rNeg   . . .     SustAt   .     (shield restricted)
rPois  .         Gourm    .     (no helmet)
rElec  .         Spirit   .     d - +0 cloak
rCorr  .         Warding  .     v - +0 pair of gloves
rMut   .         Stasis   .     (no boots)
MR     .....                    (no amulet)
Stlth  +++++.....               (no ring)
                                (no ring)

@: lethally poisoned (-1 -> -5), very slow, not resistant to hostile
enchantments, quite stealthy
A: carnivore 3
a: Bend Time, Renounce Religion


You were on level 4 of the Dungeon.
You worshipped Cheibriados.
Cheibriados was noncommittal.
You were not hungry.

You visited 1 branch of the dungeon, and saw 4 of its levels.

You collected 180 gold pieces.

Inventory:

Hand weapons
 a - a +2 dagger (weapon)
 b - a +0 blowgun
 n - a +0 hunting sling
Missiles
 o - 59 stones (quivered)
 s - 7 sling bullets
 y - a poisoned needle
Armour
 c - a +0 robe (worn)
 d - a +0 cloak (worn)
 e - a +0 leather armour
 v - a +0 pair of gloves (worn)
Jewellery
 u - an uncursed ring of protection from fire {unknown}
Scrolls
 k - 2 scrolls of identify
 q - a scroll of teleportation {unknown}
 w - 2 scrolls of immolation {unknown}
 C - 2 scrolls of magic mapping {unknown}
 D - 3 scrolls of remove curse {unknown}
Potions
 h - 2 potions of resistance {unknown}
 j - 2 potions of haste {unknown}
 l - 3 potions of degeneration {unknown}
 m - a potion of curing {unknown}
 r - 2 potions of agility {unknown}
 x - a potion of poison {unknown}
 A - 2 potions of brilliance {unknown}
 B - 2 potions of flight {unknown}
 E - a potion of lignification {unknown}
Comestibles
 g - 2 meat rations
 i - a royal jelly
 p - 2 beef jerkies
 t - a slice of pizza


   Skills:
 + Level 2.5 Fighting
 + Level 3.0 Short Blades
 + Level 4.2 Throwing
 + Level 2.0 Dodging
 + Level 8.3 Stealth
 * Level 1.2 Invocations


You had 5 spell levels left.
You didn't know any spells.

Dungeon Overview and Level Annotations

Branches:
Dungeon (4/15)
 Temple: D:4-7

Altars:
Cheibriados
Ru
Trog
The Shining One


Innate Abilities, Weirdness & Mutations

You are small and have problems with some larger weapons.
You are carnivorous and can eat meat at any time.


Message History

You feel sick.
The adder is no longer moving slowly.
The phantom hits you.
* * * LOW HITPOINT WARNING * * *
You hit the adder.
The adder is heavily wounded.
The adder barely misses you. The phantom hits you.
* * * LOW HITPOINT WARNING * * *
The phantom blinks!
The adder misses you.
You hit the adder.
The adder is severely wounded.
* * * LOW HITPOINT WARNING * * *
You feel sick. The adder closely misses you.
The phantom blinks!
You hit the adder.
You kill the adder!
Cheibriados appreciates the change of pace.
Your Invocations skill increases to level 1!
* * * LOW HITPOINT WARNING * * *
You feel sick.
* * * LOW HITPOINT WARNING * * *
You feel sick. The orc hits you with a hand axe.
You die...

### ..# #.# #.# #.#
#.# #. #@# #..###o#
## ##.(#.{.# #
#.... #...#o### .
#.... #..##o#
######.
#....###..##.#####
#...##.###
#$........##o....#
#....#....
#..............#.#
#....###..
#.........o.ยง..#.#
#....'.+.<


You could see 3 orcs.

Vanquished Creatures
  4 orc wizards
  2 adders
  An ooze (D:3)
  An adder zombie (D:3)
  3 worms
  3 giant geckos
  9 orcs
  5 bats
  2 giant cockroaches
  5 hobgoblins
  3 jackals (D:3)
  10 kobolds
  2 quokkas
  A ball python (D:2)
  3 giant newts
  12 goblins
  9 rats
75 creatures vanquished.

Notes
Turn   | Place    | Note
--------------------------------------------------------------
     0 | D:1      | mcbry74 the Kobold Assassin began the quest for the Orb.
     0 | D:1      | Reached XP level 1. HP: 12/12 MP: 1/1
   143 | D:1      | Reached XP level 2. HP: 18/18 MP: 2/2
   488 | D:1      | Reached XP level 3. HP: 22/22 MP: 3/3
   494 | D:1      | Reached skill level 6 in Stealth
   828 | D:2      | Found a glowing golden altar of the Shining One.
  1164 | D:2      | Found a bloodstained altar of Trog.
  1857 | D:3      | Found a sacrificial altar of Ru.
  1868 | D:3      | Reached XP level 4. HP: 27/27 MP: 4/4
  2245 | D:3      | Reached skill level 7 in Stealth
  2555 | D:3      | Found a snail-covered altar of Cheibriados.
  2566 | D:3      | Became a worshipper of Cheibriados the Contemplative
  2672 | D:3      | Reached XP level 5. HP: 31/31 MP: 5/5
  3140 | D:4      | Reached skill level 8 in Stealth
  3142 | D:4      | Reached XP level 6. HP: 36/36 MP: 6/6
  3190 | D:4      | Noticed a phantom
  3209 | D:4      | Reached skill level 1 in Invocations
  3211 | D:4      | HP: 1/36 [poisoned by an adder]
  3211 | D:4      | Slain by an orc

Vault maps used:
D:1:      denvon_arrival_waterhouse
D:2:      old_standard_altar, lemuel_doored_altar, solitary_fountain,
          minmay_bad_closet
D:3:      nicolae_ru_awakened_eye, lemuel_coloured_pillars_altar,
          minmay_misc_feat_pillars
D:4:      grunt_temple_overflow_champion_of_chaos, minmay_temple_entry_overgrown

Action                   |  1- 3 |  4- 6 || total
-------------------------+-------+-------++-------
Melee: Dagger            |     2 |    69 ||    71
 Fire: Blowgun           |    46 |    29 ||    75
       Hunting sling     |       |     3 ||     3
Throw: Stone             |       |     5 ||     5
Invok: Bend Time         |       |     1 ||     1
  Use: Scroll            |     2 |       ||     2
 Stab: Sleeping          |    28 |    20 ||    48
       Distracted        |     2 |     3 ||     5
  Eat: Chunk             |     3 |     4 ||     7
